 Dungeon Crawl Stone Soup version 0.31-a0-1338-gb567cfdca4 (webtiles) character file.

Game seed: 9282424411220645904

315 Rennog the Grasshopper (level 6, -1/70 HPs)
             Began as a Gnoll Wanderer on Dec 21, 2023.
             Was an Initiate of Elyvilon.
             Slain by Menkaure (15 damage)
             ... on level 4 of the Dungeon.
             The game lasted 00:04:53 (3139 turns).

Rennog the Grasshopper (Gnoll Wanderer)             Turns: 3139, Time: 00:04:54

Health: -1/70      AC: 27    Str: 17    XL:     6   Next: 44%
Magic:  11/11      EV:  2    Int: 11    God:    Elyvilon [......]
Gold:   204        SH:  4    Dex:  8    Spells: 11/12 levels left

rFire   . . .        u - +0 trident (venom)
rCold   . . .        b - +0 buckler
rNeg    . . .        x - melded +0 chain mail
rPois   +            (helmet currently unavailable)
rElec   .            g - melded +0 cloak
rCorr   .            (gloves currently unavailable)
SInv    .            (boots currently unavailable)
Will    .....        (no amulet)
Stlth   ++           t - +4 ring of protection
HPRegen 0.31/turn    h - +5 ring of evasion
MPRegen 0.12/turn

%: no passive effects
@: tree-form
A: stationary, stasis, torment immunity, boosted hp, (fangs 1), strong nose,
distributed training
a: Renounce Religion


You were on level 4 of the Dungeon.
You worshipped Elyvilon.
Elyvilon was noncommittal.
You were a tree.
You visited 2 branches of the dungeon, and saw 5 of its levels.

You collected 204 gold pieces.

Inventory:

Hand Weapons
 a - a +0 mace
 u - a +0 trident of venom (weapon)
Armour
 b - a +0 buckler (worn)
 d - a +0 leather armour
 g - a +0 cloak (melded)
 x - a +0 chain mail (melded)
 C - a +0 plate armour
Jewellery
 h - a +5 ring of evasion (right branch)
 t - a +4 ring of protection (left branch)
 y - a ring of wizardry
Scrolls
 c - 2 scrolls of fear
 e - 2 scrolls of enchant armour {unknown}
 j - a scroll of revelation {unknown}
 l - 3 scrolls of identify {unknown}
 m - a scroll of teleportation {unknown}
 p - a scroll of poison {unknown}
 r - 3 scrolls of torment {unknown}
 v - a scroll of blinking {unknown}
 w - 2 scrolls of acquirement {unknown}
 A - a scroll of noise {unknown}
 B - a scroll of fog {unknown}
Potions
 f - 2 potions of heal wounds {unknown}
 k - 2 potions of enlightenment {unknown}
 n - a potion of cancellation
 o - a potion of ambrosia {unknown}
 q - 2 potions of degeneration {unknown}
 s - a potion of attraction {unknown}
 z - a potion of resistance {unknown}


   Skills:
 + Level 3.3 Fighting
 + Level 2.0 Short Blades
 + Level 2.0 Long Blades
 + Level 2.0 Axes
 + Level 3.3 Maces & Flails
 + Level 2.0 Polearms
 + Level 2.0 Staves
 + Level 2.0 Ranged Weapons
 + Level 3.3 Throwing
 + Level 2.0 Armour
 + Level 5.0 Dodging
 + Level 2.0 Stealth
 + Level 3.3 Shields
 + Level 2.0 Unarmed Combat
 + Level 3.5 Spellcasting
 + Level 1.6 Conjurations
 + Level 1.6 Hexes
 + Level 1.6 Summonings
 + Level 1.6 Necromancy
 + Level 5.7 Translocations
 + Level 1.6 Fire Magic
 + Level 1.6 Ice Magic
 + Level 1.6 Air Magic
 + Level 1.6 Earth Magic
 + Level 1.6 Alchemy
 + Level 2.2 Invocations
 + Level 2.0 Evocations
 + Level 1.8 Shapeshifting


You had 11 spell levels left.
You knew the following spells:

 Your Spells              Type           Power      Damage    Failure   Level
a - Apportation           Tloc           28%        N/A       3%          1

Your spell library contained the following spells:

 Spells                   Type           Power      Damage    Failure   Level
 Lesser Beckoning         Tloc           28%        N/A       4%          2
 Gell's Gravitas          Tloc           14%        N/A       9%          3
 Teleport Other           Tloc           14%        N/A       9%          3
 Passage of Golubria      Tloc           14%        N/A       30%         4
 Inner Flame              Hex/Fire       5%         N/A       43%         3
 Dimensional Bullseye     Hex/Tloc       5%         N/A       56%         4
 Irradiate                Conj/Alch      2%         3d12      99%         5
 Ignition                 Fire           2%         3d3       100%        8


Dungeon Overview and Level Annotations

Branches:
Dungeon (4/15)             Temple (1/1) D:4

Altars:
Ashenzari
Dithmenos
Elyvilon
Fedhas
Hepliaklqana
Kikubaaqudgha
Makhleb
Nemelex Xobeh
Qazlal
Uskayaw
Wu Jian
Xom
Yredelemnul
Zin
The Shining One

Shops:
D:1 *

Annotations:
D:4 3 runed translucent doors, Menkaure; soberseth's ghost, amateur GrCj


Innate Abilities, Weirdness & Mutations

You are a tree.
Your roots penetrate the ground, keeping you stationary.
You cannot be teleported.
You are immune to unholy pain and torment.
Your maximum health is greatly increased.
Your equipment is partially melded.
((You have very sharp teeth.))
Your uncanny sense of smell can sniff out nearby items.
Your experience applies equally to all skills.


Message History

The hound barks!
The iguana hisses angrily.
Soberseth's ghost lets out a mournful wail.
Soberseth's ghost wails.
You now have 204 gold pieces (gained 17).
Found a stone staircase leading down.
There is a stone staircase leading down here.
Found a pair of boots.
You see here a +0 pair of boots.
Menkaure, Prince of Dust comes into view.
Menkaure is nearby!
Menkaure is nearby!
You reach to attack!
You puncture Menkaure!
Menkaure is heavily damaged.
Menkaure mumbles some strange words.
Menkaure seems to speed up.
You reach to attack!
You hit Menkaure.
Menkaure is heavily damaged.
You block Menkaure's attack.
You hit Menkaure. You bite Menkaure, but do no damage.
Menkaure is heavily damaged.
Menkaure murmurs in an indecipherable tongue.
Menkaure calls on the powers of darkness!
Your body is wracked with pain!
You hit Menkaure but do no damage.
Menkaure is heavily damaged.
Menkaure barely misses you. Menkaure hits you!
You turn into a tree.
Your +0 cloak melds into your body.
Your +0 chain mail melds into your body.
Your roots penetrate the ground.
You block Menkaure's attack.
You puncture Menkaure!
Menkaure is almost destroyed.
Menkaure hits you.
* * * LOW HITPOINT WARNING * * *
You barely miss Menkaure.
Menkaure is almost destroyed.
Menkaure hits you.
* * * LOW HITPOINT WARNING * * *
Menkaure hits you!
You die...

######### #.......#
##.#####.#### #
#######[..# #.#..
.# #.........#
#.#.#.'#
#.#####...####.#M.#
#.# ##.......♣..#
#.# #.#####.#.##
#.# #.# #.#.# #.#
#.# #.#.# #.#
####.# #.#.# #.#
#....# #.#.. #.#
#.#### #.#.# ##.#
#># #.#.# ...###.#
..# ########


You could see Menkaure (fast).

Vanquished Creatures
  Grinder (D:4)
  Robin (D:3)
  A gnoll (D:2)
  2 adders (D:2)
  A bombardier beetle (D:4)
  A worm (D:3)
  5 orcs (D:4)
  6 endoplasms
  4 giant cockroaches
  8 hobgoblins
  3 jackals (D:4)
  4 kobolds
  5 quokkas
  6 ball pythons
  A frilled lizard (D:2)
  10 goblins
  A rat (D:1)
60 creatures vanquished.

Notes
Turn   | Place    | Note
-------+----------+-------------------------------------------
     0 | D:1      | Rennog the Gnoll Wanderer began the quest for the Orb.
     0 | D:1      | Rennog set off with the following items: a +0 mace, a +0
                  | buckler, a scroll of fear, a +0 leather armour; and the
                  | following spell memorised: Apportation; and the following
                  | spells available to memorise: Passage of Golubria,
                  | Dimensional Bullseye.
     0 | D:1      | Reached XP level 1. HP: 17/17 MP: 4/4
    38 | D:1      | Found Jyateutu's Assorted Antiques.
   205 | D:1      | Reached XP level 2. HP: 21/23 MP: 5/5
   734 | D:2      | Reached XP level 3. HP: 28/28 MP: 7/7
  1161 | D:2      | Reached skill level 1 in Invocations
  1258 | D:2      | Reached skill level 1 in Short Blades
  1258 | D:2      | Reached skill level 1 in Long Blades
  1258 | D:2      | Reached skill level 1 in Axes
  1258 | D:2      | Reached skill level 1 in Polearms
  1258 | D:2      | Reached skill level 1 in Staves
  1258 | D:2      | Reached skill level 1 in Ranged Weapons
  1258 | D:2      | Reached skill level 1 in Armour
  1258 | D:2      | Reached skill level 1 in Stealth
  1258 | D:2      | Reached skill level 1 in Unarmed Combat
  1258 | D:2      | Reached skill level 1 in Evocations
  1592 | D:3      | Reached skill level 1 in Shapeshifting
  1592 | D:3      | Reached XP level 4. HP: 34/34 MP: 8/8
  2017 | D:3      | Noticed Robin
  2025 | D:3      | Killed Robin
  2026 | D:3      | Reached skill level 1 in Conjurations
  2026 | D:3      | Reached skill level 1 in Hexes
  2026 | D:3      | Reached skill level 1 in Summonings
  2026 | D:3      | Reached skill level 1 in Necromancy
  2026 | D:3      | Reached skill level 1 in Fire Magic
  2026 | D:3      | Reached skill level 1 in Ice Magic
  2026 | D:3      | Reached skill level 1 in Air Magic
  2026 | D:3      | Reached skill level 1 in Earth Magic
  2026 | D:3      | Reached skill level 1 in Alchemy
  2088 | D:3      | Found a shimmering altar of Xom.
  2701 | D:4      | Found a staircase to the Ecumenical Temple.
  2725 | Temple   | Entered the Ecumenical Temple
  2730 | Temple   | Became a worshipper of Elyvilon the Healer
  2785 | D:4      | Found a shadowy altar of Dithmenos.
  2798 | D:4      | Reached XP level 5. HP: 40/40 MP: 9/9
  2949 | D:4      | Found a runed translucent gate.
  2949 | D:4      | Found a runed translucent gate.
  2953 | D:4      | Found a runed translucent gate.
  2957 | D:4      | Noticed soberseth's ghost (amateur GrCj)
  3000 | D:4      | Noticed Grinder
  3017 | D:4      | Paralysed by Grinder for 3 turns
  3021 | D:4      | Killed Grinder
  3022 | D:4      | Reached skill level 5 in Dodging
  3022 | D:4      | Reached XP level 6. HP: 34/47 MP: 9/11
  3131 | D:4      | Noticed Menkaure
  3139 | D:4      | Slain by Menkaure

Illustrated notes

Levels and vault maps discovered:
D:1:      dpeg_arrival_water_temple_mockup, layout_rooms, serial_shops,
          nicolae_shop_just_a_little_nook, minmay_pentomino_t4
D:2:      minmay_spotlight, layout_loops_cross
D:3:      layout_basic, mainiacjoe_overflow_alcove_2,
          chequers_serial_rivers_large_b, uniq_robin
D:4:      layout_loops_ring, nicolae_overflow_quartered_altars,
          mainiacjoe_overflow_chevrons, minmay_temple_entry_sparse_star,
          gammafunk_ghost_split, uniq_ijyb, uniq_grinder, uniq_menkaure
Temple:   nicolae_temple_ecumenical_triangle

Skill      XL: |  1  2  3  4  5 |
---------------+----------------+-----
Invocations    | 1 2 |  2.2
Short Blades   | 1 2 |  2.0
Long Blades    | 1 2 |  2.0
Axes           | 1 2 |  2.0
Polearms       | 1 2 |  2.0
Staves         | 1 2 |  2.0
Ranged Weapons | 1 2 |  2.0
Armour         | 1 2 |  2.0
Stealth        | 1 2 |  2.0
Unarmed Combat | 1 2 |  2.0
Evocations     | 1 2 |  2.0
Shapeshifting  | 1 |  1.8
Spellcasting   | 3 |  3.5
Conjurations   | 1 |  1.6
Hexes          | 1 |  1.6
Summonings     | 1 |  1.6
Necromancy     | 1 |  1.6
Fire Magic     | 1 |  1.6
Ice Magic      | 1 |  1.6
Air Magic      | 1 |  1.6
Earth Magic    | 1 |  1.6
Alchemy        | 1 |  1.6
Fighting       | 3 |  3.3
Maces & Flails | 3 |  3.3
Throwing       | 3 |  3.3
Dodging        | 5 |  5.0
Shields        | 3 |  3.3
Translocations | |  5.7

Action                     |  1- 3 |  4- 6 || total
---------------------------+-------+-------++-------
  Melee: Mace              |    75 |       ||    75
         Bite              |     9 |     9 ||    18
         Trident           |    15 |   115 ||   130
    Use: Potion            |       |     5 ||     5
 Armour: Leather armour    |    51 |       ||    51
         Chain mail        |     5 |    64 ||    69
         Skin              |       |     3 ||     3
  Dodge: Dodged            |    55 |    45 ||   100
  Block: Buckler           |    17 |    22 ||    39

Table legend: (Time is in decaauts)
 A = Elapsed time spent in this place.
 B = Non-inter-level travel time spent in this place.
 C = Inter-level travel time spent in this place.
 D = Time resting spent in this place.
 E = Time spent auto-exploring this place.
 F = Levels seen in this place.
 G = Mean time per level.
                   A        B        C        D        E       F      G
               +--------+--------+--------+--------+--------+-----+--------+
         Total |   3224 |   3048 |    176 |    343 |   2184 |   5 |  644.8 |
       Dungeon |   3213 |   3045 |    168 |    343 |   2184 |   4 |  803.2 |
        Temple |     10 |      2 |      8 |      0 |      0 |   1 |   10.0 |
               +--------+--------+--------+--------+--------+-----+--------+

Top non-repeatable levels by time:
     D:3: 1008 daAuts
     D:2: 858 daAuts
     D:1: 694 daAuts
     D:4: 651 daAuts
  Temple: 10 daAuts
